 Dungeon Crawl Stone Soup version 0.28.0-53-g5a82cb258f (console) character file.

Game seed: 8396591663891053561

20 Faeu the Conjurer (level 2, 0/20 HPs)
             Began as a Draconian Conjurer on May 29, 2022.
             Slain by a kobold
             ... wielding a +0 short sword
              (2 damage)
             ... on level 1 of the Dungeon.
             The game lasted 00:01:25 (1084 turns).

Faeu the Conjurer (Draconian Conjurer)              Turns: 1084, Time: 00:01:26

Health: 0/20       AC:  4    Str:  9    XL:     2   Next: 58%
Magic:  3/5        EV: 12    Int: 18    God:
Gold:   11         SH:  0    Dex:  9    Spells: 4/5 levels left

rFire   . . .      SeeInvis .   (no weapon)
rCold   . . .      Faith    .   (no shield)
rNeg    . . .      Spirit   .   (armour unavailable)
rPois   .          Reflect  .   (helmet restricted)
rElec   .          Harm     .   (no cloak)
rCorr   .          Rampage  .   (no gloves)
Will    .....                   (no boots)
Stlth   ++........              (no amulet)
HPRegen 0.06/turn               (no ring)
MPRegen 0.09/turn               (no ring)

@: no status effects
A: AC +4, unfitting armour, cold-blooded
a: no special abilities


You were on level 1 of the Dungeon.
You visited 1 branch of the dungeon, and saw 1 of its levels.

You collected 11 gold pieces.


Innate Abilities, Weirdness & Mutations

Your plain brown scales are hard. (AC +4)
You cannot fit into any form of body armour.
You are cold-blooded and may be slowed by cold attacks.


   Skills:
 + Level 2.2 Dodging
 + Level 2.3 Stealth
 - Level 2.0 Spellcasting
 + Level 4.2 Conjurations


You had 4 spell levels left.
You knew the following spells:

 Your Spells              Type           Power      Damage    Failure   Level
a - Magic Dart            Conj           68%        1d6       3%          1

Your spell library contained the following spells:

 Spells                   Type           Power      Damage    Failure   Level
 Searing Ray              Conj           34%        2d5       4%          2
 Dazzling Flash           Conj/Hex       18%        N/A       22%         3
 Fulminant Prism          Conj/Hex       4%         3d6       58%         4
 Iskenderun's Mystic Bla  Conj/Tloc      9%         2d4       58%         4

Inventory:

Hand Weapons
 a - a +0 spear {polearm}
   (You found it on level 1 of the Dungeon)
 e - a +0 club {mace}
   (You took it off a kobold on level 1 of the Dungeon)
 f - a +0 dagger {short}
   (You took it off a kobold on level 1 of the Dungeon)
 i - a +0 dagger {short}
   (You took it off a goblin on level 1 of the Dungeon)
 k - a +0 whip {mace}
   (You took it off a kobold on level 1 of the Dungeon)
 l - a +0 club {mace}
   (You took it off a goblin on level 1 of the Dungeon)
 m - a +0 whip {mace}
   (You took it off a kobold on level 1 of the Dungeon)
 n - a +0 club {mace}
   (You took it off a goblin on level 1 of the Dungeon)
Missiles
 g - 11 stones {throwing}
 j - 3 silver boomerangs {throwing}
Armour
 b - a +1 hat
   (You found it on level 1 of the Dungeon)
Scrolls
 d - 2 scrolls of identify {unknown}
 h - a scroll of teleportation {unknown}
Potions
 c - a potion of cancellation {unknown}

Dungeon Overview and Level Annotations

Branches:
Dungeon (1/15)

Altars:

Shops:
D:1

[=! #### #.# #####........ ...#
#.# #..†......... ##.# #.#
#.##...#.###. #.# #.##....... #.#
#.##.#...#.# #†# #.##......## #.#
#.........# #.# #.#####.#.# #.#
#.......... #. #.# #####.##.....
.. #.# #..@........# .# #.#
#....K.....#...# ..# #.#
####.###...#...# ..# #.# #.
....####.###..# ##.# #
#...#[.......### ...# .#
#.#.#...#....... #### #.#
#∩#.....#.#####. ##### #.#
#.##.#..#.# #. ##...## #.#
#.........# #. ######.....###.#
####.#..#.### #.
............##.#####.....#...###.


You could see a kobold.


Message History

😎 HP[+2]
The magic dart hits the frilled lizard. 😎 MP[-1]
You lost 1 mp, and now have 4/5 mp.
The magic dart hits the frilled lizard.
You kill the frilled lizard! 😎 MP[-1]
You lost 1 mp, and now have 3/5 mp.
A ball python comes into view.
The ball python bites you but does no damage.
The ball python grabs you.
The ball python constricts you. 😎 MP[+2]
Your mp is fully restored (5).
A ball python is nearby!
You barely miss the ball python.
The ball python bites you but does no damage.
The ball python constricts you.
You barely miss the ball python. The ball python closely misses you.
The ball python constricts you.
You barely miss the ball python. The ball python bites you.
The ball python constricts you. 😕 HP[-4]
You take 4 damage, and now have 16/20 hp.
You hit the ball python but do no damage.
The ball python bites you but does no damage.
The ball python constricts you.
You barely miss the ball python.
Your tail-slap misses the ball python.
Your punch misses the ball python. The ball python closely misses you.
The ball python constricts you.
The ball python bites you but does no damage.
The ball python constricts you. 😮 HP[-1]
You take 1 damage, and now have 15/20 hp.
You barely miss the ball python. You tail-slap the ball python.
You kill the ball python!
You see here a ball python corpse.
An endoplasm and a kobold come into view.
Found Cire's Jewellery Shoppe. 😎 HP[+5]
There are monsters nearby!
The kobold throws a stone.
The stone hits you but does no damage.
The magic dart hits the endoplasm but does no damage.
The endoplasm quivers. 😎 MP[-1]
You lost 1 mp, and now have 4/5 mp.
The magic dart hits the endoplasm.
The endoplasm hits you but does no damage. 😎 MP[-1]
You lost 1 mp, and now have 3/5 mp.
The magic dart hits the endoplasm.
The endoplasm freezes you.
You are frozen.
You feel yourself slow down. 😮 HP[-5] MP[-1]
You take 5 damage, and now have 15/20 hp.
MASSIVE DAMAGE!! (PAUSE)
You lost 1 mp, and now have 2/5 mp.
You barely miss the endoplasm.
Your tail-slap misses the endoplasm.
The kobold hits you but does no damage. The endoplasm freezes you.
You are frozen.
The kobold misses you. 😮 HP[-2]
You take 2 damage, and now have 13/20 hp.
You hit the endoplasm. The endoplasm freezes you.
You are frozen.
* * * LOW HITPOINT WARNING * * *
You feel as though you will be slow longer.
The kobold hits you with a +0 short sword.
* * * LOW HITPOINT WARNING * * *
The endoplasm freezes you.
You are frozen.
* * * LOW HITPOINT WARNING * * *
😱 HP[-10]
You take 10 damage, and now have 3/20 hp.
MASSIVE DAMAGE!! (PAUSE)
You hit the endoplasm.
You kill the endoplasm!
The kobold closely misses you. x2
You hit the kobold but do no damage. The kobold hits you but does no damage.
You barely miss the kobold. The kobold closely misses you.
The kobold barely misses you.
You closely miss the kobold.
The kobold hits you but does no damage. 😱 MP[+1]
You hit the kobold.
Your tail-slap misses the kobold.
The kobold hits you with a +0 short sword.
* * * LOW HITPOINT WARNING * * *
The kobold barely misses you. 😱 HP[-1]
You take 1 damage, and now have 2/20 hp.
You miss the kobold. You tail-slap the kobold.
You feel yourself speed up. The kobold closely misses you.
You barely miss the kobold. The kobold hits you but does no damage.
You barely miss the kobold. The kobold closely misses you.
You hit the kobold but do no damage.
Your tail-slap misses the kobold.
The kobold barely misses you.
You miss the kobold.
The kobold hits you with a +0 short sword.
You die...

Skill      XL: |  1 |
---------------+----+-----
Stealth        | 2 |  2.3
Dodging        | 2 |  2.2
Spellcasting   | |  2.0
Conjurations   | |  4.2

Action                   || total
-------------------------++-------
Melee: Unarmed           ||    49
       Tailslap          ||     4
 Cast: Magic Dart        ||    29
Armor: Skin              ||    29
Dodge: Dodged            ||    43

Levels and vault maps discovered:
D:1:      minmay_arrival_glassed_features, layout_loops_ring, serial_shops,
          shop, nicolae_shop_hallway_plus, shop, basic_ecumenical_altar,
          minmay_misc_feat_five

Notes
Turn   | Place    | Note
-------+----------+-------------------------------------------
     0 | D:1      | Faeu the Draconian Conjurer began the quest for the Orb.
     0 | D:1      | Reached XP level 1. HP: 14/14 MP: 3/3
     0 | D:1      | magus.rc [v1.9.6]
    88 | D:1      | Found Icwenifix's Distillery.
   105 | D:1      | Found a faded altar of an unknown god.
   190 | D:1      | Reached skill level 2 in Stealth
   260 | D:1      | Reached skill level 2 in Dodging
   535 | D:1      | Reached XP level 2. HP: 20/20 MP: 3/5
   564 | D:1      | Found Filan's Antique Armour Shop.
  1067 | D:1      | Found Cire's Jewellery Shoppe.
  1074 | D:1      | HP: 3/20 [frozen (5)]
  1079 | D:1      | HP: 2/20 [kobold/+0 short sword (1)]
  1084 | D:1      | Slain by a kobold

Vanquished Creatures
  2 endoplasms (D:1)
  2 giant cockroaches (D:1)
  3 goblins (D:1)
  2 quokkas (D:1)
  2 ball pythons (D:1)
  A bat (D:1)
  2 frilled lizards (D:1)
  4 kobolds (D:1)
  A rat (D:1)
19 creatures vanquished.

Table legend:
 A = Non-vault XP
 B = Vault XP
 C = Vault XP percentage of total XP
 D = Non-vault monster count
 E = Vault monster count
 F = Vault count percentage of total count
                 A         B        C        D         E       F
            +---------+---------+-------+---------+---------+-------
      Total |      29 |       0 |   0.0 |      19 |       0 |   0.0
            +---------+---------+-------+---------+---------+-------
        D:1 |      29 |       0 |   0.0 |      19 |       0 |   0.0
            +---------+---------+-------+---------+---------+-------

Illustrated notes

Table legend:
 A = Kills in this place as a percentage of kills in entire the game.
 B = Kills by you in this place as a percentage of kills by you in the entire game.
 C = Kills by friends in this place as a percentage of kills by friends in the entire game.
 D = Other kills in this place as a percentage of other kills in the entire game.
 E = Experience gained in this place as a percentage of experience gained in the entire game.
 F = Experience gained in this place divided by the number of levels of this place that you have seen.
                   A       B       C       D       E      F
               +-------+-------+-------+-------+-------+----------------------
         Total | 100.0 | 100.0 |   N/A |   N/A | 100.0 |  29.0
       Dungeon | 100.0 | 100.0 |   N/A |   N/A | 100.0 |  29.0
               +-------+-------+-------+-------+-------+----------------------

Table legend: (Time is in decaauts)
 A = Elapsed time spent in this place.
 B = Non-inter-level travel time spent in this place.
 C = Inter-level travel time spent in this place.
 D = Time resting spent in this place.
 E = Time spent auto-exploring this place.
 F = Levels seen in this place.
 G = Mean time per level.
                   A        B        C        D        E       F      G
               +--------+--------+--------+--------+--------+-----+--------+
         Total |   1088 |   1088 |      0 |      0 |    911 |   1 | 1088.0 |
       Dungeon |   1088 |   1088 |      0 |      0 |    911 |   1 | 1088.0 |
               +--------+--------+--------+--------+--------+-----+--------+

Top non-repeatable levels by time:
     D:1: 1088 daAuts
